 Dungeon Crawl Stone Soup version 0.29.1-2-gbd0b4ee654 (webtiles) character file.

Game seed: 3605013123071909560

438 safid the Shooter (level 6, 0/58 HPs)
             Began as a Minotaur Hunter on Nov 1, 2022.
             Was an Initiate of Okawaru.
             Slain by a lemure (5 damage)
             ... led by Pikel
             ... on level 3 of the Dungeon.
             The game lasted 00:03:33 (2931 turns).

safid the Shooter (Minotaur Hunter)                 Turns: 2931, Time: 00:03:33

Health: 0/58       AC:  4    Str: 16    XL:     6   Next: 69%
Magic:  5/5        EV: 12    Int:  6    God:    Okawaru [......]
Gold:   211        SH:  0    Dex: 15    Spells: 5/5 levels left

rFire   . . .      SeeInvis .   a - +0 shortbow
rCold   . . .      Faith    .   (shield currently unavailable)
rNeg    . . .      Spirit   .   c - +0 leather armour
rPois   .          Reflect  .   (helmet restricted)
rElec   .          Harm     .   (no cloak)
rCorr   .          Rampage  .   (no gloves)
Will    .....                   o - +0 pair of boots
Stlth   +.........              (no amulet)
HPRegen 0.19/turn               (no ring)
MPRegen 0.09/turn               (no ring)

@: no status effects
A: horns 2, retaliatory headbutt
a: Renounce Religion


You were on level 3 of the Dungeon.
You worshipped Okawaru.
Okawaru was noncommittal.
You visited 2 branches of the dungeon, and saw 5 of its levels.

You collected 211 gold pieces.

Inventory:

Hand Weapons
 a - a +0 shortbow (weapon)
Armour
 c - a +0 leather armour (worn)
 o - a +0 pair of boots (worn)
Jewellery
 p - a ring of poison resistance
Wands
 g - a wand of flame (14)
 i - a wand of charming (21)
Scrolls
 b - 2 scrolls of immolation
 f - 2 scrolls of noise {unknown}
 j - 5 scrolls of identify {unknown}
 k - a scroll of magic mapping {unknown}
 m - 5 scrolls of teleportation {unknown}
 n - a scroll of vulnerability {unknown}
 q - a scroll of blinking {unknown}
 r - a scroll of enchant weapon {unknown}
 t - a scroll of poison {unknown}
Potions
 d - 4 potions of curing {unknown}
 e - 3 potions of haste {unknown}
 h - a potion of heal wounds {unknown}
 l - a potion of flight {unknown}
 s - a potion of resistance {unknown}


   Skills:
 + Level 6.4 Fighting
 + Level 7.0 Ranged Weapons
 - Level 2.1 Dodging
 - Level 0.7 Stealth


You had 5 spell levels left.
You didn't know any spells.
Your spell library was empty.

Dungeon Overview and Level Annotations

Branches:
Dungeon (4/15)             Temple (1/1) D:4

Altars:
Ashenzari
Dithmenos
Gozag
Kikubaaqudgha
Okawaru
Qazlal
Sif Muna
Trog
Uskayaw
Vehumet
Wu Jian
Xom
The Shining One

Annotations:
D:4 Pikel


Innate Abilities, Weirdness & Mutations

You have a pair of horns on your head.
You reflexively headbutt those who attack you in melee.


Message History

Press: ? - help, Q - select action, (/) - cycle Shift-Dir - straight line, f/p - lemure
Aim: a lemure (moderately wounded, 59% to hit)
You shoot an arrow. The arrow hits the lemure.
The lemure is heavily wounded.
The lemure hits you.
* * * LOW HITPOINT WARNING * * *
Fire: a) +0 shortbow
Press: ? - help, Q - select action, (/) - cycle Shift-Dir - straight line, f/p - lemure
Aim: a lemure (heavily wounded, 59% to hit)
You shoot an arrow. The arrow hits the lemure!
The lemure is severely wounded.
The lemure hits you.
* * * LOW HITPOINT WARNING * * *
Fire: a) +0 shortbow
Press: ? - help, Q - select action, (/) - cycle Shift-Dir - straight line, f/p - lemure
Aim: a lemure (severely wounded, 59% to hit)
You shoot an arrow. The arrow closely misses the lemure.
The lemure hits you.
* * * LOW HITPOINT WARNING * * *
Fire: a) +0 shortbow
Press: ? - help, Q - select action, (/) - cycle Shift-Dir - straight line, f/p - lemure
Aim: a lemure (severely wounded, 59% to hit)
You shoot an arrow. The arrow barely misses the lemure.
The lemure barely misses you.
Unknown command.
Fire: a) +0 shortbow
Press: ? - help, Q - select action, (/) - cycle Shift-Dir - straight line, f/p - lemure
Aim: a lemure (severely wounded, 59% to hit)
You shoot an arrow. The arrow barely misses the lemure.
The lemure hits you.
* * * LOW HITPOINT WARNING * * *
The lemure hits you but does no damage.
Fire: a) +0 shortbow
Press: ? - help, Q - select action, (/) - cycle Shift-Dir - straight line, f/p - lemure
Aim: a lemure (severely wounded, 59% to hit)
You shoot an arrow.
The arrow hits the lemure but does no damage.
The lemure is severely wounded.
The lemure hits you.
You die...

#.#.#.# #...# #.#.# #.# #.#.#
###.#.# ###.####.#.# #.# #.#.#
..#.#.# #....#.#.# #.# #.#.#
#)#.#.# ####.#.#.# #.# #.#.#
#.#.#.########'#.#.## #.###.#.#
..#.#.#.............# #)#...#.#
#.#.#.#.............# #.#.###.#
###.#.#..........5..# #.#.# #.#
#...#.#.........@...# #.#.# #.#
#.###.#.............#####'#.###.#
#.# #.########...............##.#
#.# #.# #...............##.#
#.###'###########.............#.#
#...........# #.............#.#
#...........# #.............#.#
#<..........# #.............#.#
#...........# #............##[#


You could see a lemure.

Vanquished Creatures
  Menkaure (D:4)
  An ogre (D:4)
  A lemure (D:3)
  A scorpion (D:4)
  A jelly (D:4)
  An iguana (D:4)
  5 adders
  A worm (D:2)
  2 dart slugs (D:3)
  4 orcs (D:3)
  6 ball pythons
  5 bats
  13 endoplasms
  3 giant cockroaches
  6 goblins
  5 hobgoblins
  4 quokkas
  3 frilled lizards
  3 kobolds
  6 rats
72 creatures vanquished.

Notes
Turn   | Place    | Note
-------+----------+-------------------------------------------
     0 | D:1      | safid the Minotaur Hunter began the quest for the Orb.
     0 | D:1      | Reached XP level 1. HP: 18/18 MP: 0/0
   133 | D:1      | Reached XP level 2. HP: 25/25 MP: 1/1
   329 | D:1      | Found a faded altar of an unknown god.
   718 | D:2      | Reached XP level 3. HP: 31/31 MP: 2/2
   896 | D:2      | Reached skill level 5 in Ranged Weapons
  1912 | D:3      | Reached XP level 4. HP: 39/40 MP: 3/3
  2128 | D:3      | Found a glowing golden altar of the Shining One.
  2296 | D:4      | Noticed a scorpion
  2296 | D:4      | Found a staircase to the Ecumenical Temple.
  2303 | D:4      | Killed a scorpion
  2304 | D:4      | Reached XP level 5. HP: 37/47 MP: 4/4
  2314 | D:4      | Reached skill level 5 in Fighting
  2314 | D:4      | Reached skill level 6 in Ranged Weapons
  2317 | Temple   | Entered the Ecumenical Temple
  2427 | Temple   | Became a worshipper of Warmaster Okawaru
  2570 | D:4      | Noticed Menkaure
  2579 | D:4      | Killed Menkaure
  2580 | D:4      | Reached XP level 6. HP: 57/57 MP: 5/5
  2837 | D:4      | Reached skill level 7 in Ranged Weapons
  2884 | D:4      | Noticed Pikel
  2931 | D:3      | Slain by a lemure

Illustrated notes

Levels and vault maps discovered:
D:1:      minmay_arrival_five_plusses, layout_loops_ring,
          hellmonk_ecumenical_altar_lost_god
D:2:      layout_loops_corners
D:3:      minmay_angry_zag, layout_basic, nicolae_tso_swordbearing_angel
D:4:      layout_loops_cross, nicolae_ru_great_annihilating_truth,
          minmay_temple_entry_statues_fountains, uniq_menkaure, uniq_pikel
Temple:   nicolae_temple_bog_church

Skill      XL: |  1  2  3  4  5  6 |
---------------+-------------------+-----
Fighting       | 3 4 5 6 |  6.4
Ranged Weapons | 5 6 7 |  7.0
Dodging        | |  2.1
Stealth        | |  0.7

Action                   |  1- 3 |  4- 6 || total
-------------------------+-------+-------++-------
 Fire: Shortbow          |   116 |    96 ||   212
Armor: Leather armour    |    14 |    11 ||    25
Dodge: Dodged            |    22 |    32 ||    54
